 Dungeon Sprint DCSS version 0.17-a0-2002-g92c7e20 (webtiles) character file.

177 Kidiri the Covert (level 5, -13/24 HPs)
             Began as a Spriggan Enchanter on Oct 8, 2015.
             Mangled by a two-headed ogre
             ... wielding a +0 giant spiked club
              (17 damage)
             ... in the Dungeon (Sprint III: "The Ten Rune Challenge").
             The game lasted 00:03:27 (468 turns).

Kidiri the Covert (Spriggan Enchanter)               Turns: 468, Time: 00:03:27

Health: -13/24     AC:  3    Str:  4    XL:     5   Next: 31%
Magic:  1/14       EV: 24    Int: 16    God:
Gold:   11         SH:  0    Dex: 20    Spells: 5 memorised, 3 levels left

rFire  . . .     SeeInvis +     a - +1 dagger
rCold  + . .     Clarity  .     b - +1 robe
rNeg   . . .     SustAt   .     (shield restricted)
rPois  .         Gourm    .     (helmet restricted)
rElec  .         Spirit   .     (no cloak)
rCorr  .         Warding  .     (gloves unavailable)
rMut   .         NoTele   +     (boots unavailable)
MR     .....                    (no amulet)
Stlth  +++++.....               (no ring)
                                (no ring)

@: very slightly contaminated, very quick, not resistant to hostile
enchantments, quite stealthy
A: unfitting armour, see invisible, agile 1, blink, breathe flames 1, cold
resistance 1, herbivore 3, speed 3, slow metabolism 2, wild magic 1
a: Blink, Breathe Fire


You were in the Dungeon.
You were not hungry.

You visited 1 branch You collected 11 gold pieces.

Inventory:

Hand Weapons
 a - a +1 dagger (weapon)
Armour
 b - a +1 robe (worn)
Wands
 k - a wand of frost (32)
Scrolls
 j - a scroll of blinking
 m - a scroll of holy word
 o - 2 scrolls of remove curse
 r - a scroll of torment {unknown}
 t - a scroll of magic mapping {unknown}
Potions
 e - a potion of curing
 f - a potion of heal wounds
 g - a potion of haste
 h - 2 potions of magic
 i - a potion of berserk rage
 q - 3 potions of flight
 u - a potion of cure mutation
Comestibles
 c - a royal jelly
 d - a bread ration
 p - 5 fruits


   Skills:
 * Level 5.0 Short Blades
 + Level 2.1 Armour
 * Level 7.3 Dodging
 * Level 8.5 Stealth
 * Level 5.9 Spellcasting
 + Level 1.6 Conjurations
 + Level 5.2 Hexes
 + Level 1.9 Ice Magic


You had 3 spell levels left.
You knew the following spells:

 Your Spells              Type           Power        Failure   Level  Hunger
a - Corona                Hex            ####...      4%          1    None
b - Ensorcelled Hibernat  Hex/Ice        ###...       13%         2    #......
c - Confuse               Hex            ####....     13%         3    ##.....
d - Tukima's Dance        Hex            ####....     13%         3    ##.....
e - Dazzling Spray        Conj/Hex       ###.....     22%         3    ##.....


Dungeon Overview and Level Annotations

Branches:
Dungeon (1/1)

Altars:
Dithmenos
Gozag
Makhleb
Nemelex Xobeh
Qazlal
Ru
Xom
Jiyva
Lugonu


Innate Abilities, Weirdness & Mutations

You are tiny and cannot use many weapons and most armour.
You have supernaturally acute eyesight.
You are a herbivore.
You cover ground extremely quickly.
You need consume almost no food.
You are agile. (Dex +2)
You can translocate small distances at will.
You can breathe flames.
Your flesh is cold resistant.
Your spells are a little harder to cast, but a little more powerful.


Message History

There is an open door here.
Evoke which item? (* to show all) (? for menu, Esc to quit)
Okay, then.
Unknown command.
You close the door.
Something unseen opens the door.
Found a sacrificial altar of Ru and a burning altar of Makhleb.
Found a shimmering altar of Xom.
Found an ornate deck of cards.
Found five altars.
There is an open door here.
There is an open door here.
Casting: Ensorcelled Hibernation
Confirm with . or Enter, or press ? or * to list all spells.
Aiming: Tukima's Dance
Press: ? - help, Shift-Dir - straight line, f/p - two-headed ogre
Aim: a two-headed ogre, wielding two giant spiked clubs (chance to defeat MR: 73%)
The two-headed ogre struggles to resist.
The two-headed ogre hits you with a giant spiked club!
Ouch! That really hurt!
You die...

..#?.#..###+#+###+##
..##+#..#..........#
..###.%.'.⌠.....v..#
.####...#...######+#
.###....#.⌠.#__#...#+# ##
# .##.....#...#__#...#..
.#.#
.#......#+###__#...##.#.O#
#%#.....# #__#...'##.#
####....# #_.'@O.#.O.#
▓▓▓▓▓▓ ▓▓▓▓▓▓▓▓▓▓▓▓


You could see a two-headed ogre.

Vanquished Creatures
  A water elemental (D)
  A scorpion (D)
  A jelly (D)
  Jessica (D)
  A human (D)
  An ooze (D)
  A rat (D)
7 creatures vanquished.

Vanquished Creatures (others)
  2 draconian scorchers (D)
  A yaktaur (D)
3 creatures vanquished.

Grand Total: 10 creatures vanquished

Notes
Turn   | Place    | Note
--------------------------------------------------------------
     0 | D        | Kidiri the Spriggan Enchanter began the quest for the Orb.
     0 | D        | Reached XP level 1. HP: 9/9 MP: 5/5
    11 | D        | Reached skill level 5 in Stealth
    23 | D        | Noticed Jessica
    26 | D        | Killed a yaktaur
    36 | D        | Killed Jessica
    36 | D        | Reached skill level 1 in Armour
    36 | D        | Reached skill level 5 in Dodging
    36 | D        | Reached skill level 6 in Stealth
    36 | D        | Reached XP level 2. HP: 4/13 MP: 5/8
    36 | D        | Reached XP level 3. HP: 4/16 MP: 5/9
    40 | D        | Learned a level 2 spell: Ensorcelled Hibernation
    44 | D        | Learned a level 3 spell: Confuse
    48 | D        | Learned a level 3 spell: Dazzling Spray
   191 | D        | Killed a white draconian scorcher
   191 | D        | Killed a white draconian scorcher
   288 | D        | Noticed a scorpion
   296 | D        | Killed a scorpion
   296 | D        | Reached skill level 7 in Stealth
   296 | D        | Reached XP level 4. HP: 21/21 MP: 7/11
   301 | D        | Learned a level 3 spell: Tukima's Dance
   336 | D        | Reached skill level 5 in Spellcasting
   336 | D        | Reached skill level 1 in Ice Magic
   350 | D        | Gained mutation: Your body sometimes deteriorates upon taking damage. [potion of mutation]
   350 | D        | Gained mutation: Your muscles are strong. (Str +2) [potion of mutation]
   351 | D        | Lost mutation: Your body sometimes deteriorates upon taking damage. [potion of cure mutation]
   351 | D        | Lost mutation: Your muscles are strong. (Str +2) [potion of cure mutation]
   352 | D        | Gained mutation: You can breathe flames. [potion of mutation]
   352 | D        | Gained mutation: You can translocate small distances at will. [potion of mutation]
   353 | D        | Gained mutation: Your flesh is cold resistant. [potion of mutation]
   353 | D        | Gained mutation: You are agile. (Dex +2) [potion of mutation]
   353 | D        | Gained mutation: Your spells are a little harder to cast, but a little more powerful. [potion of mutation]
   365 | D        | Noticed a water elemental
   367 | D        | Killed a water elemental
   367 | D        | Reached skill level 8 in Stealth
   367 | D        | Reached skill level 1 in Conjurations
   367 | D        | Reached skill level 5 in Hexes
   367 | D        | Reached XP level 5. HP: 24/24 MP: 14/14
   376 | D        | Noticed a jelly
   377 | D        | Noticed a shadow
   434 | D        | Noticed a spatial vortex
   448 | D        | Killed a jelly
   448 | D        | Reached skill level 5 in Short Blades
   449 | D        | Found a stormy altar of Qazlal.
   453 | D        | Noticed a two-headed ogre
   453 | D        | Noticed a two-headed ogre
   457 | D        | Noticed a two-headed ogre
   462 | D        | Found a sacrificial altar of Ru.
   462 | D        | Found a burning altar of Makhleb.
   463 | D        | Found a shimmering altar of Xom.
   464 | D        | Found a viscous altar of Jiyva.
   464 | D        | Found a shadowy altar of Dithmenos.
   464 | D        | Found a sparkling altar of Nemelex Xobeh.
   464 | D        | Found a corrupted altar of Lugonu.
   464 | D        | Found an opulent altar of Gozag.
   468 | D        | Mangled by a two-headed ogre

Vault maps used:
D:        dungeon_sprint_mu

Action                   |  1- 3 |  4- 6 || total
-------------------------+-------+-------++-------
Melee: Dagger            |     9 |     4 ||    13
 Cast: Corona            |     1 |       ||     1
       Ensorcelled Hiber |     1 |     2 ||     3
       Tukima's Dance    |       |     1 ||     1
       Dazzling Spray    |       |     1 ||     1
  Use: Potion            |       |     4 ||     4
       Scroll            |       |     2 ||     2
 Stab: Sleeping          |     3 |     3 ||     6
